 Dungeon Crawl Stone Soup version 0.17-a0-2220-g6fea741 (webtiles) character file.

80546 nicanaca0 the Executioner (level 15, -6/208 HPs)
             Began as a Minotaur Berserker on Oct 28, 2015.
             Was the Champion of Trog.
             Splashed by a brown ugly thing's acid (10 damage)
             ... on level 14 of the Dungeon.
             The game lasted 01:15:26 (27066 turns).

nicanaca0 the Executioner (Minotaur Berserker)     Turns: 27066, Time: 01:15:27

Health: -6/208     AC: 12    Str: 31    XL:     15   Next: 24%
Magic:  0/6        EV: 15    Int:  2    God:    Trog [******]
Gold:   2412       SH:  0    Dex: 14    Spells: 0 memorised, 14 levels left

rFire  + + .     SeeInvis .     a - +9 executioner's axe (antimagic)
rCold  + . .     Clarity  .     X - +1 ring mail "Caofu" {rF++ Str+2 Int-2} (curse)
rNeg   . . .     SustAt   .     (no shield)
rPois  +         Gourm    +     e - +2 hat {Spirit}
rElec  .         Spirit   +     O - +2 cloak
rCorr  .         Warding  .     (no gloves)
rMut   .         Stasis   .     x - +0 pair of boots
MR     +....                    L - amulet of the gourmand
Stlth  ..........               R - ring of protection from cold
                                p - ring of poison resistance

@: berserking, corroded equipment, very quick, somewhat resistant to hostile
enchantments, extremely unstealthy
A: retaliatory headbutt, horns 2
a: Berserk, Trog's Hand, Brothers in Arms, Burn Spellbooks, Renounce Religion


You were on level 14 of the Dungeon.
You worshipped Trog.
Trog was exalted by your worship.
You were very full.

You visited 3 branches of the dungeon, and saw 26 of its levels.
You visited the Abyss 1 time.
You also visited: Ice Cave.

You collected 2987 gold pieces.
You spent 575 gold pieces at shops.

Inventory:

Hand Weapons
 a - a +9 antimagic executioner's axe (weapon)
 b - the +6 broad axe of Desertification {flame, rElec rPois Dex-2}
   (Trog gifted it to you in an ice cave)

   It has been specially enchanted to burn those struck by it, causing extra
   injury to most foes and up to half again as much damage against particularly
   susceptible opponents.
   Big, fiery blades are also staple armaments of hydra-hunters.
   It affects your dexterity (-2).
   It insulates you from electricity.
   It protects you from poison.
 G - a +4 battleaxe of chopping
Missiles
 J - 11 tomahawks of returning (quivered)
 Y - 3 javelins of penetration
Armour
 e - a +2 hat of spirit shield (worn)
 s - the +18 shield of the gong {rElec rN+ MR+ EV-5}
   (You acquired it on level 3 of the Lair of Beasts)

   It affects your evasion (-5).
   It insulates you from electricity.
   It protects you from negative energy.
   It affects your resistance to hostile enchantments.
 x - a +0 pair of boots (worn)
 B - a +0 plate armour of positive energy
 O - a +2 cloak (worn)
 X - the cursed +1 ring mail "Caofu" (worn) {rF++ Str+2 Int-2}
   (You found it on level 4 of the Lair of Beasts)

   It affects your strength (+2).
   It affects your intelligence (-2).
   It greatly protects you from fire.
   It has a curse placed upon it.
Jewellery
 p - a ring of poison resistance (left hand)
 L - an amulet of the gourmand (around neck)
 P - an uncursed ring of see invisible
 R - a ring of protection from cold (right hand)
 U - a +3 ring of strength {unknown}
 Z - an uncursed ring of protection from fire
Wands
 C - a wand of teleportation (2)
 D - a wand of heal wounds (7)
 S - a wand of teleportation (6)
Scrolls
 d - 7 scrolls of magic mapping
 f - 6 scrolls of remove curse
 h - 3 scrolls of fear
 i - 2 scrolls of fog
 j - 3 scrolls of immolation
 k - a scroll of holy word
 t - 9 scrolls of teleportation
 w - a scroll of blinking
 F - a scroll of enchant armour
 N - 2 scrolls of vulnerability
 T - 2 scrolls of identify
 V - 2 scrolls of summoning
 W - 2 scrolls of torment
Potions
 l - 5 potions of resistance
 o - 5 potions of invisibility
 q - 3 potions of cancellation
 v - 3 potions of might
 y - 3 potions of heal wounds
 A - 3 potions of agility
 E - 2 potions of haste
 I - 6 potions of curing
 Q - 3 potions of flight
Miscellaneous
 r - a sack of spiders
 u - a fan of gales
 K - a phial of floods
 M - a lantern of shadows
Comestibles
 c - 11 bread rations
 g - 12 royal jellies
 m - 12 meat rations
 n - 2 slices of pizza
 z - 8 fruits
 H - 10 chunks of flesh


   Skills:
 + Level 14.6 Fighting
 * Level 21.0 Axes
 + Level 14.6 Armour
 + Level 6.2 Dodging
 - Level 6.4 Evocations


You had 14 spell levels left.
You didn't know any spells.

Dungeon Overview and Level Annotations

Branches:
Dungeon (14/15)            Temple (0/1) D:5            Lair (8/8) D:9
  Swamp (0/4) Lair:6       Spider (0/4) Lair:3        Slime (0/6) Lair:8
    Orc (4/4) D:11            Elf (0/3) Orc:4        Vaults (0/5) D:13

Altars:
Ashenzari
Cheibriados
Dithmenos
Gozag
Makhleb
Okawaru
Trog
Xom
The Shining One

Shops:
D:4 (   D:6 !   D:7 %   D:8 }   Orc:2 *   Orc:4 }?%=


Innate Abilities, Weirdness & Mutations

You reflexively headbutt those who attack you in melee.
You have a pair of horns on your head.


Message History

* * * LOW HITPOINT WARNING * * *
You are splashed with acid!
The acid burns!
* * * LOW HITPOINT WARNING * * *
You are too injured to fight recklessly!
Unknown command.
You are too injured to fight recklessly!
Unknown command.
You are too injured to fight recklessly!
Unknown command.
You are too injured to fight recklessly!
You slash the brown ugly thing! You headbutt the brown ugly thing!
The brown ugly thing is almost dead.
You slash the brown ugly thing!
The brown ugly thing is moderately wounded.
You barely miss the purple ugly thing. The purple ugly thing gores you!
* * * LOW HITPOINT WARNING * * *
The brown ugly thing misses you. The brown ugly thing bites you!
* * * LOW HITPOINT WARNING * * *
You are splashed with acid!
The acid burns!
You die...

....... ...... .......#
......
.......####+######......
###+##..................
#................#
#..###...........# #..#
######....%.# #..#
#††....# ######..#
#@u....# .......##
#uu...## #......#
#.....# #......# #.....#
#......# #.....#
#......# #.....#
#......# ......#
#........ ......#
#........


You could see 3 ugly things.

Vanquished Creatures
  Gastronok (Orc:1)
  Frances (D:13)
  A frost giant (IceCv)
  4 vault guards (D:13)
  Harold (Lair:4)
  A catoblepas (D:13)
  Erolcha (D:9)
  6 hydras
  Erica (Orc:1)
  2 centaur warriors
  An ogre mage (D:13)
  2 death yaks (IceCv)
  An unseen horror (D:11)
  A swamp dragon (Lair:7)
  An ice statue (IceCv)
  4 hill giants
  A wolf spider zombie (D:14)
  7 ugly things
  2 orc knights (Orc:4)
  8 elephants
  A cyclops (D:13)
  2 griffons
  Maurice (D:11)
  A centaur zombie (D:13)
  13 spiny frogs
  2 kobold demonologists (D:14)
  A torpor snail (Lair:7)
  A gargoyle (D:12)
  A black mamba (Lair:3)
  10 komodo dragons
  3 fire drakes
  15 polar bears (IceCv)
  3 trolls
  A queen bee (D:8)
  4 two-headed ogres
  4 blink frogs (Lair:2)
  4 trapdoor spiders (Lair:3)
  38 yaks
  2 wyverns
  A redback (shapeshifter) (D:14)
  4 deep elf magi
  2 basilisks
  20 hippogriffs
  A mottled dragon (D:12)
  2 hungry ghosts
  A vampire mosquito (Lair:7)
  29 wolves
  Edmund (D:6)
  A warg (Orc:4)
  7 swamp worms
  A soldier ant (D:11)
  16 porcupines
  16 water moccasins
  2 swamp drakes (Lair:7)
  10 ice beasts
  4 black bears
  41 orc warriors
  9 phantoms
  2 sky beasts
  15 ogres
  The ghost of teron the Cudgeler, an amateur DsCK of Xom (D:3)
  14 centaurs
  7 big kobolds
  13 crocodiles
  16 giant frogs
  7 scorpions
  2 electric eels
  A wyvern skeleton (D:7)
  24 killer bees
  7 jellies
  9 wights
  11 crimson imps
  2 giant frog zombies
  8 hounds
  11 iguanas
  31 orc wizards
  2 giant frog skeletons
  31 orc priests
  3 centaur skeletons
  8 worker ants
  Natasha (thrice) (D:4)
  14 sheep
  2 hound skeletons
  A hound zombie (D:7)
  12 gnolls
  10 adders
  67 river rats
  2 shadow imps
  8 oozes
  2 adder zombies (D:9)
  4 worms
  2 adder skeletons
  3 giant geckos
  183 orcs
  5 goblins
  8 hobgoblins
  31 kobolds
  3 quokkas
  A ball python (D:3)
  8 bats
  A giant cockroach (D:1)
  A giant gecko skeleton (D:4)
  5 giant newts
  10 jackals
  A quokka skeleton (D:8)
  3 rats
  7 fungi
  A plant (Lair:3)
945 creatures vanquished.

Vanquished Creatures (collateral kills)
  An orc knight (Orc:4)
  A cyclops (D:13)
  A slime creature (D:9)
  An orc warrior (Orc:4)
  3 ice beasts (Lair:2)
  A centaur (D:13)
  2 orc wizards (D:13)
  4 jellies (D:9)
  4 oozes (D:9)
  4 orcs
  2 kobolds (D:13)
24 creatures vanquished.

Vanquished Creatures (others)
  An orc (D:13)
  18 fungi
  2 plants
21 creatures vanquished.

Grand Total: 990 creatures vanquished

Notes
Turn   | Place    | Note
--------------------------------------------------------------
     0 | D:1      | nicanaca0 the Minotaur Berserker began the quest for the Orb.
     0 | D:1      | Reached XP level 1. HP: 19/19 MP: 0/0
    44 | D:1      | Reached skill level 4 in Axes
   128 | D:1      | Reached XP level 2. HP: 26/26 MP: 1/1
  1220 | D:2      | Reached skill level 5 in Axes
  1368 | D:2      | Reached ** piety under Trog
  1401 | D:2      | Reached XP level 3. HP: 28/31 MP: 2/2
  1933 | D:3      | Found a burning altar of Makhleb.
  1933 | D:3      | Noticed teron's ghost (amateur DsCK)
  1942 | D:3      | Killed teron's ghost
  1942 | D:3      | Reached skill level 6 in Axes
  1942 | D:3      | Reached XP level 4. HP: 36/39 MP: 1/3
  1942 | D:3      | Reached XP level 5. HP: 41/45 MP: 1/4
  1956 | D:3      | Noticed a cacodemon
  2187 | D:3      | Reached skill level 7 in Axes
  2343 | D:3      | Found a shadowy altar of Dithmenos.
  2481 | D:4      | Reached skill level 8 in Axes
  2605 | D:4      | Noticed Natasha
  2608 | D:4      | Reached XP level 6. HP: 51/51 MP: 5/5
  2613 | D:4      | Killed Natasha
  2626 | D:4      | Noticed Natasha
  2632 | D:4      | Killed Natasha
  2632 | D:4      | Reached *** piety under Trog
  2773 | D:4      | Noticed a phantom
  2811 | D:4      | Killed a phantom
  2811 | D:4      | Reached skill level 9 in Axes
  2840 | D:4      | Noticed an ogre
  2843 | D:4      | Killed an ogre
  2843 | D:4      | Reached XP level 7. HP: 45/57 MP: 6/6
  2931 | D:4      | Noticed Natasha
  2934 | D:4      | Killed Natasha
  3036 | D:4      | Found Webliw's Weapon Emporium.
  3061 | D:4      | Noticed a phantom
  3072 | D:4      | Killed a phantom
  3072 | D:4      | Reached skill level 10 in Axes
  3278 | D:5      | Entered Level 5 of the Dungeon
  3278 | D:5      | Found a staircase to the Ecumenical Temple.
  3442 | D:5      | Reached skill level 11 in Axes
  3476 | D:5      | Reached XP level 8. HP: 32/64 MP: 7/7
  3863 | D:5      | Reached skill level 12 in Axes
  4616 | D:6      | HP: 2/66 [orc warrior/long sword (8)]
  4861 | D:6      | Found Voocues's Distillery.
  4870 | D:6      | Bought a potion of poison for 13 gold pieces
  4870 | D:6      | Bought a potion of heal wounds for 65 gold pieces
  4870 | D:6      | Bought a potion of agility for 52 gold pieces
  4870 | D:6      | Bought a potion of curing for 39 gold pieces
  4929 | D:6      | Found a shimmering altar of Xom.
  4946 | D:6      | Reached skill level 13 in Axes
  4946 | D:6      | Reached **** piety under Trog
  4947 | D:6      | Reached skill level 5 in Fighting
  5088 | D:6      | Reached XP level 9. HP: 72/74 MP: 8/8
  5216 | D:6      | Found a bloodstained altar of Trog.
  5319 | D:6      | Found a snail-covered altar of Cheibriados.
  5322 | D:6      | Noticed Edmund
  5333 | D:6      | Killed Edmund
  5581 | D:7      | Reached skill level 5 in Armour
  5659 | D:7      | Found a glowing golden altar of the Shining One.
  5807 | D:7      | Found Ifo Puuw's Food Emporium.
  6259 | D:7      | Found an opulent altar of Gozag.
  6402 | D:8      | Reached skill level 14 in Axes
  6413 | D:8      | Received a gift from Trog
  6435 | D:8      | Reached XP level 10. HP: 34/86 MP: 9/9
  6837 | D:8      | Found a sand-covered staircase.
  7012 | D:8      | Found Satumuw's Gadget Shop.
  7204 | D:8      | Reached ***** piety under Trog
  7484 | D:9      | Found a shattered altar of Ashenzari.
  7486 | D:9      | Noticed Erolcha
  7488 | D:9      | Cast into the Abyss (Erolcha)
  7541 | D:9      | Escaped the Abyss
  7543 | D:9      | Reached skill level 15 in Axes
  7557 | D:9      | Killed Erolcha
  7722 | D:9      | Received a gift from Trog
  7839 | D:9      | Found a staircase to the Lair.
  7956 | D:9      | Found an iron altar of Okawaru.
  8384 | D:9      | Identified a scroll of acquirement
  8589 | D:10     | Entered Level 10 of the Dungeon
  8600 | D:10     | Reached skill level 16 in Axes
  8776 | D:10     | Reached XP level 11. HP: 95/95 MP: 10/10
  9353 | D:10     | Noticed a hill giant
  9366 | D:10     | Killed a hill giant
  9789 | D:11     | Noticed a hill giant
  9799 | D:11     | Noticed a hill giant
  9801 | D:11     | Killed a hill giant
  9809 | D:11     | Noticed Maurice
  9814 | D:11     | Killed a hill giant
  9818 | D:11     | Killed Maurice
 10118 | D:11     | Killed an unseen horror
 10118 | D:11     | Reached skill level 17 in Axes
 10252 | D:11     | Noticed a hill giant
 10272 | D:11     | Killed a hill giant
 10272 | D:11     | Received a gift from Trog
 10272 | D:11     | Reached skill level 10 in Fighting
 10839 | D:11     | Reached skill level 10 in Armour
 10906 | D:11     | Found a staircase to the Orcish Mines.
 11180 | D:12     | Reached ****** piety under Trog
 11310 | D:12     | HP: 4/101 [komodo dragon (9)]
 11312 | D:12     | Received a gift from Trog
 11718 | D:12     | Reached XP level 12. HP: 97/107 MP: 11/11
 12466 | Lair:1   | Entered Level 1 of the Lair of Beasts
 12473 | Lair:1   | Received a gift from Trog
 12731 | Lair:1   | Reached skill level 18 in Axes
 12903 | Lair:1   | Noticed a six-headed hydra
 12909 | Lair:1   | Killed a three-headed hydra
 13926 | Lair:2   | Found a frozen archway.
 14254 | IceCv    | Entered an ice cave
 14637 | IceCv    | Received a gift from Trog
 14648 | IceCv    | Reached skill level 19 in Axes
 14659 | IceCv    | Got a transparent broad axe {god gift}
 14669 | IceCv    | Identified the +6 broad axe of Desertification {flame, rElec rPois Dex-2} (Trog gifted it to you in an ice cave)
 14845 | IceCv    | Reached XP level 13. HP: 101/117 MP: 4/12
 15045 | IceCv    | Noticed a frost giant
 15061 | IceCv    | Killed a frost giant
 16274 | Lair:3   | Found a hole to the Spider Nest.
 16278 | Lair:3   | Reached skill level 1 in Evocations
 16865 | Lair:4   | Noticed Harold
 16871 | Lair:4   | Killed Harold
 17234 | Lair:4   | Got a faintly humming ring mail
 17245 | Lair:4   | Identified the cursed +1 ring mail "Caofu" {rF++ Str+2 Int-2} (You found it on level 4 of the Lair of Beasts)
 18170 | Lair:5   | Found a dark tunnel.
 18212 | Lair:5   | Received a gift from Trog
 18805 | Lair:6   | Reached skill level 5 in Evocations
 18810 | Lair:6   | Reached skill level 20 in Axes
 18827 | Lair:6   | Reached XP level 14. HP: 71/129 MP: 11/16
 19021 | Lair:6   | Found a staircase to the Swamp.
 19798 | Lair:7   | Received a gift from Trog
 19814 | Lair:7   | Received a gift from Trog
 20977 | Orc:1    | Entered Level 1 of the Orcish Mines
 21039 | Orc:1    | Noticed Gastronok
 21052 | Orc:1    | Killed Gastronok
 21336 | Orc:1    | Noticed Erica
 21349 | Orc:1    | Killed Erica
 21641 | Orc:2    | Received a gift from Trog
 21719 | Orc:2    | Found Quvomioh's General Store.
 21772 | Orc:2    | Bought a potion of might for 56 gold pieces
 21772 | Orc:2    | Bought a potion of agility for 56 gold pieces
 22240 | Orc:3    | Found a bloodstained altar of Trog.
 22544 | Orc:4    | Entered Level 4 of the Orcish Mines
 22569 | Orc:4    | Received a gift from Trog
 22610 | Orc:4    | Found a staircase to the Elven Halls.
 23488 | Orc:4    | Received a gift from Trog
 23597 | Orc:4    | Found Qamuu's Magic Scroll Shop.
 23597 | Orc:4    | Found Ruryuh's Food Shoppe.
 23599 | Orc:4    | Found Lestrime's Jewellery Emporium.
 23601 | Orc:4    | Found Fumept's Gadget Boutique.
 23879 | Orc:4    | Bought a scroll of enchant weapon for 105 gold pieces
 23879 | Orc:4    | Bought a scroll of enchant weapon for 105 gold pieces
 23879 | Orc:4    | Bought a scroll of identify for 28 gold pieces
 23879 | Orc:4    | Bought 2 scrolls of identify for 56 gold pieces
 24566 | Lair:8   | Entered Level 8 of the Lair of Beasts
 24767 | Lair:8   | Found a staircase to the Slime Pits.
 25609 | D:13     | Reached skill level 5 in Dodging
 25641 | D:13     | Received a gift from Trog
 25716 | D:13     | Noticed Frances
 25736 | D:13     | Killed Frances
 25736 | D:13     | Reached XP level 15. HP: 48/139 MP: 7/18
 25840 | D:13     | Received a gift from Trog
 26223 | D:13     | Found a gate to the Vaults.
 26777 | D:14     | Found an iron altar of Okawaru.
 26892 | D:14     | Reached skill level 21 in Axes
 27066 | D:14     | HP: 4/208 [brown ugly thing (11)]
 27066 | D:14     | Splashed by a brown ugly thing's acid

Vault maps used:
D:1:      erik_arrival_blinker_ship
D:2:      first_bread, dk_noncrumbling_4
D:3:      lemuel_round_altar, makhleb_altar_promises_db
D:4:      serial_shops, kennysheep_mini_moat, uniq_natasha
D:5:      minmay_temple_entry_purple_smoke, fountainhead,
          guppyfry_early_orc_mine
D:6:      xom_teletrap_fun, trog_ov_bears_minmay, serial_shops, shop_fountains,
          basic_altar, patterned_corridor, uniq_edmund
D:7:      nicolae_overflow_hidden_temple, serial_shops, shop
D:8:      serial_shops, nicolae_shop_stone, nicolae_ossuary_entry_ruins,
          david_nohive_1
D:9:      lemuel_slime, lemuel_crystal_altar, ashenzari_altar_1,
          dpeg_oklobed_lair, uniq_erolcha
D:11:     hiddenorc1_lemuel, eino_tiny_chamber, uniq_maurice
D:13:     lightli_vaults_fourway_checkpoint, enter_bailey_7, minivault_16,
          uniq_frances
D:14:     minmay_misc_feat_iff, basic_altar
Lair:2:   portal_ice_cave_entry_ice_beasts, serial_bayou_shore_a
Lair:3:   spider_nest_entry_webs
Lair:4:   uniq_harold
Lair:5:   nicolae_volcano_entry_s_turn
Lair:6:   nicolae_swamp_entry_splash_gauntlet, st_stairs_11,
          lemuel_fruit_fields, serial_bayou_shore_b
Lair:7:   onia_ninara_swampy_vault, bh_autumn_forest_stairs
Lair:8:   due_jungle_book, slime_dummy, columned_hall_lemuel
Orc:1:    uniq_erica, uniq_gastronok
Orc:2:    serial_shops, shop
Orc:3:    basic_altar, nicolae_orc_pool_cavern
Orc:4:    st_orc_rangers
IceCv:    ice_cave_caverns_01

Action                   |  1- 3 |  4- 6 |  7- 9 | 10-12 | 13-15 || total
-------------------------+-------+-------+-------+-------+-------++-------
Melee: Hand axe          |    67 |    67 |   130 |       |       ||   264
       War axe           |       |       |   117 |   353 |       ||   470
       Battleaxe         |       |       |       |   178 |    43 ||   221
       Executioner's axe |       |       |       |   171 |   307 ||   478
       Broad axe         |       |       |       |     7 |   539 ||   546
Throw: Tomahawk          |       |       |       |     4 |       ||     4
Invok: Berserk           |     1 |     2 |     2 |     4 |     8 ||    17
       Trog's Hand       |       |       |     1 |     4 |     3 ||     8
       Brothers in Arms  |       |       |       |     2 |     3 ||     5
       Burn Spellbooks   |       |       |       |     1 |     2 ||     3
Evoke: Wand              |       |       |     3 |     3 |     1 ||     7
  Use: Potion            |       |       |     1 |     1 |     1 ||     3
       Scroll            |       |       |       |    24 |    27 ||    51
 Stab: Invisible         |     2 |       |       |       |       ||     2
  Eat: Chunk             |     3 |     5 |    25 |    45 |    47 ||   125
       Beef jerky        |       |     1 |       |       |       ||     1
       Pizza             |       |       |       |     2 |       ||     2
